 Dungeon Crawl Stone Soup version 0.30-a0-900-g23479c02f2 (webtiles) character file.

Game seed: 12524180372714410457

2561 cheesebisquit the Grappler (level 9, -3/79 (88) HPs)
             Began as a Troll Fighter on Mar 18, 2023.
             Slain by a two-headed ogre
             ... wielding a +0 giant spiked club
              (26 damage)
             ... on level 7 of the Dungeon.
             The game lasted 00:23:51 (5342 turns).

cheesebisquit the Grappler (Troll Fighter)          Turns: 5342, Time: 00:23:51

HP:   -3/79 (88)    AC:  7    Str: 30    XL:     9   Next: 31%
MP:   8/8           EV:  8    Int:  4    God:
Gold: 69            SH: 10    Dex:  9    Spells: 8/8 levels left

rFire   . . .      SeeInvis .      - Unarmed
rCold   + . .      Faith    .    b - +1 kite shield
rNeg    . . .      Spirit   .    p - +0 animal skin
rPois   .          Reflect  .    (helmet restricted)
rElec   .          Rampage  .    y - +2 cloak
rCorr   .                        (gloves unavailable)
Will    .....                    (boots unavailable)
Stlth   +                        n - amulet of the acrobat
HPRegen 1.13/turn                k - ring of protection from cold
MPRegen 0.11/turn                (no ring)

@: heavily drained
A: large, unfitting armour, claws 3, regeneration 1, shaggy fur 1, tough skin 1
a: no special abilities


You were on level 7 of the Dungeon.
You visited 2 branches of the dungeon, and saw 8 of its levels.
You also visited: Sewer.

You collected 379 gold pieces.
You spent 310 gold pieces at shops.

Inventory:

Hand Weapons
 a - a +0 giant spiked club
Missiles
 r - 6 poisoned darts (quivered)
 z - a throwing net
Armour
 b - a +1 kite shield (worn)
 p - a +0 animal skin (worn)
 y - a +2 cloak (worn)
Jewellery
 k - a ring of protection from cold (left claw)
 n - an amulet of the acrobat (around neck)
Wands
 q - a wand of iceblast (13)
Scrolls
 d - 2 scrolls of poison
 f - 4 scrolls of magic mapping
 g - a scroll of enchant weapon {unknown}
 h - 2 scrolls of noise
 i - a scroll of butterflies {unknown}
 j - a scroll of teleportation
 o - 2 scrolls of fog {unknown}
 A - a scroll of silence {unknown}
Potions
 c - 2 potions of might
 e - a potion of mutation
 l - 2 potions of lignification
 m - 3 potions of heal wounds
 s - a potion of cancellation
 t - a potion of haste
 u - a potion of invisibility {unknown}
 v - 2 potions of flight
 w - a potion of degeneration {unknown}
 x - a potion of curing
 B - 2 potions of attraction {unknown}


   Skills:
 + Level 5.3 Fighting
 + Level 4.7 Throwing
 - Level 2.4 Dodging
 + Level 5.8 Shields
 * Level 8.4 Unarmed Combat


You had 8 spell levels left.
You didn't know any spells.
Your spell library contained the following spells:

 Spells                   Type           Power      Damage    Failure   Level
 Call Canine Familiar     Summ           0%         N/A       98%         3
 Portal Projectile        Hex/Tloc       0%         N/A       98%         3
 Leda's Liquefaction      Hex/Erth       0%         N/A       100%        4


Dungeon Overview and Level Annotations

Branches:
Dungeon (7/15)             Temple (1/1) D:5           Sewer (visited)

Altars:
Ashenzari
Dithmenos
Elyvilon
Gozag
Hepliaklqana
Kikubaaqudgha
Ru
Sif Muna
Trog
Uskayaw
Vehumet
Wu Jian
Zin

Shops:
D:1 ?   D:4 [


Innate Abilities, Weirdness & Mutations

You are too large for most types of armour.
You have claws for hands.
Your natural rate of healing is unusually fast.
You are covered in fur. (AC +1)
You have tough skin. (AC +1)


Message History

You claw the iguana!
You kill the iguana!
HP restored.
You see here an iguana corpse.
r - 11 poisoned darts (gained 1);
B - 2 black potions (gained 1)
r - 12 poisoned darts (gained 1)
A two-headed ogre comes into view.
It is wielding a +0 giant spiked club and a +0 giant club.
Found 10 gold pieces.
The two-headed ogre shouts in stereo!
You hear a shout! x3
You throw a poisoned dart.
The poisoned dart hits the two-headed ogre!
The two-headed ogre is poisoned.
You throw a poisoned dart.
The poisoned dart barely misses the two-headed ogre.
A gnoll comes into view. It is wielding a +0 spear.
There is a stone staircase leading up, spattered with blood here.
You throw a poisoned dart.
The poisoned dart hits the two-headed ogre.
The two-headed ogre looks even sicker.
The two-headed ogre is lightly wounded.
You throw a poisoned dart.
The poisoned dart hits the two-headed ogre!
The two-headed ogre looks as sick as possible!
The two-headed ogre is lightly wounded.
You throw a poisoned dart.
The poisoned dart barely misses the two-headed ogre.
You throw a poisoned dart.
The poisoned dart hits the two-headed ogre.
The two-headed ogre looks as sick as possible!
The two-headed ogre is lightly wounded.
You scratch the two-headed ogre.
The two-headed ogre is moderately wounded.
A killer bee comes into view.
The two-headed ogre hits you with a +0 giant spiked club!!
The two-headed ogre hits you with a +0 giant club!!
The killer bee buzzes angrily.
You hear an angry buzzing noise.
The two-headed ogre hits you with a +0 giant spiked club!
* * * LOW HITPOINT WARNING * * *
The two-headed ogre hits you with a +0 giant club!!
You die...

#.........# #. ##
#.........# #.# #.
.#####.#####..#
.#..##.##... .... #..
...........##...##
..................
#................
.##....#......y....
#........@.....y....
#..####..O..........
........(...........
.......##g##..........
.......##(##..........
......................
......(.......>.....
##.###.........#####
##(.[................


You could see a two-headed ogre (extremely poisoned), 2 killer bees and a gnoll.

Vanquished Creatures
  Joseph (D:6)
  A kobold demonologist (D:5)
  3 water moccasins
  An ice beast (D:6)
  A centaur (D:6)
  3 ogres
  2 phantoms (D:4)
  4 scorpions
  3 wights (D:6)
  A howler monkey (D:5)
  2 hounds
  2 orc priests (D:4)
  3 orc wizards
  2 iguanas
  Terence (D:3)
  Robin (D:3)
  9 gnolls
  4 river rats (Sewer)
  10 adders
  A white imp (D:5)
  An ufetubus (D:5)
  2 worms (D:2)
  3 dart slugs
  14 orcs
  7 ball pythons
  5 endoplasms
  7 giant cockroaches
  13 goblins
  13 hobgoblins
  8 jackals
  11 quokkas
  3 bats
  5 frilled lizards
  23 kobolds
  30 rats
200 creatures vanquished.

Notes
Turn   | Place    | Note
-------+----------+-------------------------------------------
     0 | D:1      | cheesebisquit the Troll Fighter began the quest for the
                  | Orb.
     0 | D:1      | Reached XP level 1. HP: 22/22 MP: 0/0
    96 | D:1      | Reached XP level 2. HP: 29/29 MP: 1/1
   653 | D:1      | Found The Oracle's Delphic Readings.
   658 | D:1      | Bought a scroll of noise for 11 gold pieces
   658 | D:1      | Bought a scroll of identify for 22 gold pieces
   658 | D:1      | Bought a scroll of identify for 22 gold pieces
   853 | D:2      | Reached XP level 3. HP: 31/36 MP: 2/2
   910 | D:2      | Reached skill level 3 in Unarmed Combat
   997 | D:2      | Reached XP level 4. HP: 41/44 MP: 3/3
  1378 | D:2      | Reached skill level 1 in Throwing
  1610 | D:3      | Reached XP level 5. HP: 53/53 MP: 4/4
  1774 | D:3      | Noticed Robin
  1794 | D:3      | Reached skill level 4 in Unarmed Combat
  1803 | D:3      | Killed Robin
  1851 | D:3      | Noticed a water moccasin
  1859 | D:3      | Killed a water moccasin
  1860 | D:3      | Reached XP level 6. HP: 44/61 MP: 5/5
  1899 | D:3      | Noticed Terence
  1907 | D:3      | Killed Terence
  1916 | D:3      | Found a hide-covered altar of Uskayaw.
  2443 | D:4      | Found a glowing drain.
  2478 | D:4      | Reached skill level 5 in Unarmed Combat
  2495 | Sewer    | Entered a sewer
  2711 | Sewer    | Reached XP level 7. HP: 68/68 MP: 6/6
  2885 | Sewer    | Identified the +2 mace of War {chaos, SInv}
  3639 | D:4      | Found Wathui's Armour Emporium.
  3646 | D:4      | Bought a +2 cloak for 165 gold pieces
  3732 | D:5      | Entered Level 5 of the Dungeon
  3793 | D:4      | Reached skill level 6 in Unarmed Combat
  3904 | D:5      | Reached XP level 8. HP: 70/78 MP: 7/7
  3936 | D:5      | Noticed a kobold demonologist
  3939 | D:5      | Noticed a rust devil
  3955 | D:5      | Noticed an orange demon
  3958 | D:5      | Noticed an ice devil
  3976 | D:5      | Killed a kobold demonologist
  3977 | D:5      | Reached skill level 5 in Shields
  3977 | D:5      | Reached skill level 7 in Unarmed Combat
  4065 | D:5      | Found a staircase to the Ecumenical Temple.
  4086 | Temple   | Entered the Ecumenical Temple
  4206 | D:5      | Found an opulent altar of Gozag.
  4457 | D:5      | Found Zin's Purification Station.
  4460 | D:5      | Found a glowing silver altar of Zin.
  4463 | D:5      | Bought a potion of curing for 90 gold pieces
  4967 | D:6      | Reached skill level 5 in Fighting
  5102 | D:7      | Noticed Joseph
  5108 | D:7      | Reached XP level 9. HP: 88/88 MP: 8/8
  5149 | D:6      | Killed Joseph
  5150 | D:6      | Reached skill level 8 in Unarmed Combat
  5324 | D:7      | Noticed a two-headed ogre
  5342 | D:7      | Slain by a two-headed ogre

Illustrated notes

Levels and vault maps discovered:
D:1:      noname_arrival_rooms_in_the_neighbourhood, layout_loops_ring,
          nicolae_nh_oracle_at_delphi
D:2:      layout_basic, chequers_avenue, cheibrodos_gnoll_hut
D:3:      layout_basic, mainiacjoe_overflow_small_starburst,
          minmay_randomly_rotated_circles, uniq_robin, uniq_terence
D:4:      layout_basic, serial_shops, shop, portal_sewer_entry_f
D:5:      layout_basic, zin_purify, mainiacjoe_overflow_paths,
          minmay_temple_entry_statues_fountains, minmay_chambers_of_fives
D:6:      layout_cave_pools
D:7:      layout_rooms, mainiacjoe_overflow_alcove_2, marbit_many_paths,
          uniq_joseph
Temple:   cyrus_temple_forest

Skill      XL: |  1  2  3  4  5  6  7  8  9 |
---------------+----------------------------+-----
Shields        | 3 4 5 |  5.8
Unarmed Combat | 3 4 5 6 7 8 |  8.4
Fighting       | 3 4 5 |  5.3
Throwing       | 1 2 3 4 |  4.7
Dodging        | |  2.4

Action                     |  1- 3 |  4- 6 |  7- 9 || total
---------------------------+-------+-------+-------++-------
  Melee: Unarmed           |    89 |   199 |   208 ||   496
  Throw: Stone             |       |     6 |       ||     6
         Throwing net      |       |     6 |       ||     6
         Boomerang         |       |    78 |       ||    78
         Dart              |       |     1 |    84 ||    85
    Use: Scroll            |     3 |     5 |     4 ||    12
         Potion            |       |     2 |     4 ||     6
   Stab: Held in net/web   |       |     1 |       ||     1
 Armour: Robe              |    15 |    32 |       ||    47
         Animal skin       |       |    11 |    65 ||    76
  Dodge: Dodged            |    28 |    69 |    76 ||   173
  Block: Kite shield       |    33 |    82 |    97 ||   212

Table legend: (Time is in decaauts)
 A = Elapsed time spent in this place.
 B = Non-inter-level travel time spent in this place.
 C = Inter-level travel time spent in this place.
 D = Time resting spent in this place.
 E = Time spent auto-exploring this place.
 F = Levels seen in this place.
 G = Mean time per level.
                   A        B        C        D        E       F      G
               +--------+--------+--------+--------+--------+-----+--------+
         Total |   5389 |   4955 |    434 |    162 |   3383 |   9 |  598.8 |
       Dungeon |   4780 |   4387 |    393 |    162 |   3068 |   7 |  682.9 |
        Temple |     90 |     49 |     41 |      0 |     42 |   1 |   90.0 |
         Sewer |    518 |    518 |      0 |      0 |    273 |   1 |  518.0 |
               +--------+--------+--------+--------+--------+-----+--------+

Top non-repeatable levels by time:
     D:4: 951 daAuts
     D:2: 837 daAuts
     D:3: 789 daAuts
     D:1: 754 daAuts
     D:5: 728 daAuts
     D:6: 657 daAuts
   Sewer: 518 daAuts
  Temple: 90 daAuts
     D:7: 61 daAuts
